 Dungeon Crawl Stone Soup version 0.29-a0-350-g7790a0e70a (webtiles) character file.

Game seed: 9854190307417777868

111 zeratav the Conjurer (level 4, -1/27 HPs)
             Began as an Octopode Conjurer on Apr 22, 2022.
             Slain by a phantom (2 damage)
             ... on level 4 of the Dungeon.
             The game lasted 00:05:05 (3770 turns).

zeratav the Conjurer (Octopode Conjurer)            Turns: 3770, Time: 00:05:06

Health: -1/27      AC:  1    Str:  6    XL:     4   Next: 92%
Magic:  2/8        EV: 13    Int: 22    God:
Gold:   87         SH:  0    Dex: 10    Spells: 5/8 levels left

rFire   . . .      SeeInvis .   b - +0 dagger {short}
rCold   . . .      Faith    .   (no shield)
rNeg    + . .      Spirit   .   m - +0 hat
rPois   .          Reflect  .   (no amulet)
rElec   .          Harm     .   q - ring of positive energy
rCorr   .          Rampage  .   (no ring)
Will    .....                   (no ring)
Stlth   +++.......              (no ring)
HPRegen 0.09/turn               (no ring)
MPRegen 0.11/turn               (no ring)
                                (no ring)
                                (no ring)

@: no status effects
A: almost no armour, amphibious, 8 rings, camouflage 1, gelatinous body 1,
(nimble swimmer 1), tentacles
a: no special abilities


You were on level 4 of the Dungeon.
You visited 1 branch of the dungeon, and saw 4 of its levels.

You collected 87 gold pieces.


Innate Abilities, Weirdness & Mutations

You cannot wear most types of armour.
You are amphibious.
You can wear up to eight rings at the same time.
Your skin changes colour to match your surroundings (Stealth+).
Your rubbery body absorbs attacks. (AC +1, EV +1)
((You are camouflaged when in or above water. (Stealth+)))
You have tentacles for arms and can constrict up to eight enemies at once.


   Skills:
 - Level 2.0 Dodging
 - Level 2.6 Stealth
 + Level 2.8 Spellcasting
 * Level 5.1 Conjurations
 + Level 1.8 Translocations


You had 5 spell levels left.
You knew the following spells:

 Your Spells              Type           Power      Damage    Failure   Level
a - Magic Dart            Conj           100%       1d8       1%          1
b - Searing Ray           Conj           50%        2d6       2%          2

Your spell library contained the following spells:

 Spells                   Type           Power      Damage    Failure   Level
 Dazzling Flash           Conj/Hex       28%        N/A       13%         3
 Iskenderun's Mystic Bla  Conj/Tloc      18%        2d6       30%         4
 Fulminant Prism          Conj/Hex       7%         3d7       41%         4
 Freezing Cloud           Conj/Ice/Air   5%         6-21      86%         5
 Agony                    Necr           3%         N/A       98%         5
 Silence                  Hex/Air        1%         N/A       98%         5
 Simulacrum               Ice/Necr       1%         N/A       100%        6
 Polar Vortex             Ice            1%         N/A       100%        9

Inventory:

Hand Weapons
 b - a +0 dagger (weapon) {short}
   (You found it on level 1 of the Dungeon)
 j - a +0 dagger {short}
   (You took it off a goblin on level 1 of the Dungeon)
Armour
 m - a +0 hat (worn)
   (You found it on level 1 of the Dungeon)
Jewellery
 i - an amulet of guardian spirit
   (You found it on level 1 of the Dungeon)
 q - a ring of positive energy (left tentacle)
   (You found it on level 3 of the Dungeon)
Scrolls
 d - a scroll of vulnerability {unknown}
 f - 4 scrolls of fear {unknown}
 g - a scroll of acquirement {unknown}
 h - 3 scrolls of teleportation {unknown}
 k - a scroll of fog {unknown}
 l - 2 scrolls of immolation {unknown}
 n - 2 scrolls of amnesia {unknown}
 p - 4 scrolls of identify {unknown}
 r - a scroll of summoning {unknown}
 u - a scroll of magic mapping {unknown}
Potions
 a - 2 potions of magic
 c - a potion of curing {unknown}
 e - a potion of lignification {unknown}
 o - 2 potions of heal wounds {unknown}
 s - a potion of berserk rage {unknown}
 t - a potion of brilliance {unknown}
 v - a potion of attraction {unknown}

Dungeon Overview and Level Annotations

Branches:
Dungeon (4/15)
 Temple: D:4-7

Altars:
Hepliaklqana
Beogh

## #####
...##...##
.o..o.!..##
..........#
......W.).#
#....o@..#
...S.....##
.$.#....##
. #)####
#.# #<#
#..# ##.#
..


You could see a phantom, an adder and 3 orcs.


Message History

(D) Dungeon
Where to? (Enter - D:3, ? - help)
There is a stone staircase leading down here.
You climb downwards.
The orc shouts!
The orc priest shouts!
The iguana hisses angrily.
The ball python hisses angrily.
The hobgoblin shouts!
You hear a shout!
There is a stone staircase leading up here.
There are monsters nearby!
Casting: Magic Dart (safe; 1% risk of failure)
Confirm with . or Enter, or press ? or * to list all spells.
Aiming: Searing Ray (safe; 2% risk of failure)
Press: ? - help, Shift-Dir - straight line, f - iguana
Aim: an iguana (82% to hit)
Okay, then.
You climb upwards.
There is a stone staircase leading down here.
There is a stone staircase leading down here.
You climb downwards.
There is a stone staircase leading up here.
Casting: Searing Ray (safe; 2% risk of failure)
Confirm with . or Enter, or press ? or * to list all spells.
Aiming: Searing Ray (safe; 2% risk of failure)
Press: ? - help, Shift-Dir - straight line The searing ray hits the goblin!
You kill the goblin! (Press . to maintain the ray.) MP[-2]
You lost 2 mp, and now have 6/8 mp.
MP[-1]
You lost 1 mp, and now have 5/8 mp.
MP[-1]
You lost 1 mp, and now have 4/8 mp.
The searing ray hits the phantom!
You finish channelling your searing ray.
MP[-1]
You lost 1 mp, and now have 3/8 mp.
Casting: Searing Ray (safe; 2% risk of failure)
Confirm with . or Enter, or press ? or * to list all spells.
Aiming: Searing Ray (safe; 2% risk of failure)
Press: ? - help, Shift-Dir - straight line The searing ray hits the phantom. (Press . to maintain the ray.) MP[-2]
You lost 2 mp, and now have 1/8 mp.
The searing ray misses the phantom.
The phantom closely misses you.
MP[-1]
You lost 1 mp, and now have 0/8 mp.
Without enough magic to sustain it, your searing ray dissipates.
The phantom hits you but does no damage.
You hit the phantom. Your squeeze misses the phantom. The phantom misses you.
MP[+1]
You hit the phantom. Your squeeze misses the phantom.
The phantom closely misses you.
You barely miss the phantom. The phantom hits you.
HP[-4]
You take 4 damage, and now have 23/27 hp.
You barely miss the phantom. The phantom closely misses you.
You miss the phantom. The phantom hits you.
HP[-5]
You take 5 damage, and now have 18/27 hp.
You barely miss the phantom. Your squeeze misses the phantom.
The phantom hits you.
HP[-3]
You take 3 damage, and now have 15/27 hp.
You hit the phantom but do no damage. The phantom closely misses you.
You hit the phantom but do no damage. The phantom closely misses you.
You hit the phantom. Your squeeze misses the phantom. The phantom hits you!
* * * LOW HITPOINT WARNING * * *
HP[-7]
You take 7 damage, and now have 8/27 hp.
MASSIVE DAMAGE!! (PAUSE)
You closely miss the phantom. The phantom hits you.
* * * LOW HITPOINT WARNING * * *
HP[-1]
You take 1 damage, and now have 7/27 hp.
You hit the phantom. The phantom hits you.
* * * LOW HITPOINT WARNING * * *
The phantom blinks!
You blink. 2 orcs come into view.
HP[-3] MP[+1]
You take 3 damage, and now have 4/27 hp.
You closely miss the phantom. You squeeze the phantom. The phantom misses you.
You hit the phantom but do no damage.
The orc shouts!
You hear a shout! x2
The phantom hits you.
* * * LOW HITPOINT WARNING * * *
HP[-3]
You take 3 damage, and now have 1/27 hp.
You hit the phantom.
Your tentacle-slap misses the phantom.
The phantom closely misses you.
An adder comes into view.
The adder hisses angrily.
You hit the phantom. The phantom barely misses you.
An orc comes into view. It is wielding a +0 club.
You closely miss the phantom.
You squeeze the phantom, but do no damage.
The phantom misses you.
You barely miss the phantom. You squeeze the phantom. The phantom hits you.
You die...

Skill      XL: |  1  2  3  4 |
---------------+-------------+-----
Translocations | 1 |  1.8
Conjurations   | 5 |  5.1
Dodging        | |  2.0
Stealth        | |  2.6
Spellcasting   | |  2.8

Action                   |  1- 3 |  4- 6 || total
-------------------------+-------+-------++-------
Melee: Unarmed           |     6 |       ||     6
       Tentacles         |     2 |     5 ||     7
       Dagger            |     1 |    29 ||    30
       Constrict         |     1 |     2 ||     3
 Cast: Magic Dart        |    67 |    57 ||   124
       Searing Ray       |     4 |     4 ||     8
 Stab: Sleeping          |     1 |       ||     1
Armor: Skin              |       |     2 ||     2
Dodge: Dodged            |     5 |    24 ||    29

Levels and vault maps discovered:
D:1:      dpeg_arrival_radiant, layout_rooms,
          hellmonk_ecumenical_altar_defaced_shrine, minmay_3d_cube
D:2:      kb_forest_paths, layout_basic
D:3:      layout_basic, nicolae_hepliaklqana_hippocampus
D:4:      layout_rooms, pf_just_have_faith, minmay_temple_entry_arrows,
          uniq_grinder

Notes
Turn   | Place    | Note
-------+----------+-------------------------------------------
     0 | D:1      | zeratav the Octopode Conjurer began the quest for the Orb.
     0 | D:1      | Reached XP level 1. HP: 11/11 MP: 3/3
     0 | D:1      | magus.rc [v1.9.6]
   227 | D:1      | Reached XP level 2. HP: 17/17 MP: 3/5
   233 | D:1      | Learned a level 2 spell: Searing Ray
   652 | D:1      | Reached skill level 1 in Translocations
   915 | D:1      | Reached XP level 3. HP: 21/21 MP: 3/6
  1068 | D:1      | You pick up a book of Ice and begin reading...
  1068 | D:1      | You add the spells Freezing Cloud, Simulacrum and Polar
                  | Vortex to your library.
  1371 | D:1      | Found a faded altar of an unknown god.
  1737 | D:2      | Reached XP level 4. HP: 27/27 MP: 1/7
  2225 | D:2      | You pick up a book of the Senses and begin reading...
  2225 | D:2      | You add the spells Agony and Silence to your library.
  2309 | D:2      | Reached skill level 5 in Conjurations
  3300 | D:3      | Found a hazy altar of Hepliaklqana.
  3745 | D:4      | Noticed a phantom
  3764 | D:4      | HP: 4/27 [phantom (3)]
  3766 | D:4      | HP: 1/27 [phantom (4)]
  3770 | D:4      | Slain by a phantom

Vanquished Creatures
  3 adders
  3 dart slugs
  9 ball pythons
  9 endoplasms
  8 giant cockroaches
  5 goblins
  8 hobgoblins
  3 jackals (D:2)
  5 quokkas
  3 bats
  3 frilled lizards
  3 kobolds (D:1)
  6 rats
68 creatures vanquished.

Table legend:
 A = Non-vault XP
 B = Vault XP
 C = Vault XP percentage of total XP
 D = Non-vault monster count
 E = Vault monster count
 F = Vault count percentage of total count
                 A         B        C        D         E       F
            +---------+---------+-------+---------+---------+-------
      Total |     124 |      35 |  22.0 |      56 |      12 |  17.6
            +---------+---------+-------+---------+---------+-------
        D:1 |      45 |      12 |  21.1 |      25 |       6 |  19.4
        D:2 |      42 |      23 |  35.4 |      17 |       6 |  26.1
        D:3 |      35 |       0 |   0.0 |      13 |       0 |   0.0
        D:4 |       2 |       0 |   0.0 |       1 |       0 |   0.0
            +---------+---------+-------+---------+---------+-------

Illustrated notes

Table legend:
 A = Kills in this place as a percentage of kills in entire the game.
 B = Kills by you in this place as a percentage of kills by you in the entire game.
 C = Kills by friends in this place as a percentage of kills by friends in the entire game.
 D = Other kills in this place as a percentage of other kills in the entire game.
 E = Experience gained in this place as a percentage of experience gained in the entire game.
 F = Experience gained in this place divided by the number of levels of this place that you have seen.
                   A       B       C       D       E      F
               +-------+-------+-------+-------+-------+----------------------
         Total | 100.0 | 100.0 |   N/A |   N/A | 100.0 |  39.8
       Dungeon | 100.0 | 100.0 |   N/A |   N/A | 100.0 |  39.8
               +-------+-------+-------+-------+-------+----------------------

Table legend: (Time is in decaauts)
 A = Elapsed time spent in this place.
 B = Non-inter-level travel time spent in this place.
 C = Inter-level travel time spent in this place.
 D = Time resting spent in this place.
 E = Time spent auto-exploring this place.
 F = Levels seen in this place.
 G = Mean time per level.
                   A        B        C        D        E       F      G
               +--------+--------+--------+--------+--------+-----+--------+
         Total |   3769 |   3639 |    130 |    215 |   3063 |   4 |  942.2 |
       Dungeon |   3769 |   3639 |    130 |    215 |   3063 |   4 |  942.2 |
               +--------+--------+--------+--------+--------+-----+--------+

Top non-repeatable levels by time:
     D:1: 1549 daAuts
     D:2: 1295 daAuts
     D:3: 896 daAuts
     D:4: 27 daAuts
